 Dungeon Crawl Stone Soup version 0.32-a0-938-g40ac7a0f4d (webtiles) character file.

Game seed: 5386025901644227081

8204 uglyjohn the Destroyer (level 11, -10/83 HPs)
             Began as a Red Draconian Conjurer on Apr 15, 2024.
             Was a Believer of Vehumet.
             Mangled by a troll (11 damage)
             ... on level 10 of the Dungeon.
             The game lasted 00:30:23 (13070 turns).

uglyjohn the Destroyer (Red Draconian Conjurer)    Turns: 13070, Time: 00:30:24

Health: -10/83     AC:  9    Str: 14    XL:     11   Next: 6%
Magic:  10/21      EV: 11    Int: 18    God:    Vehumet [**....]
Gold:   389        SH:  0    Dex: 10    Spells: 19/23 levels left

rFire   + .          .
                       - Unarmed
rCold   . . .        (no shield)
rNeg    . . .        (body armour unavailable)
rPois   +            (helmet restricted)
rElec   .            E - +0 cloak
rCorr   .            (no gloves)
SInv    +            F - +0 pair of boots
Will    .....        q - amulet of the acrobat
Stlth   ++           v - ring of see invisible
HPRegen 0.33/turn    w - ring of poison resistance
MPRegen 0.17/turn

%: acrobat
@: no status effects
A: combustion breath, AC +7, unfitting armour, fire resistance 1, cold-blooded
a: Combustion Breath, Renounce Religion


You were on level 10 of the Dungeon.
You worshipped Vehumet.
Vehumet was pleased with you.
You visited 2 branches of the dungeon, and saw 11 of its levels.
You also visited: Bailey.

You collected 657 gold pieces.
You spent 268 gold pieces at shops.

Inventory:

Hand Weapons
 t - a +1 vampiric dagger
Armour
 E - a +0 cloak (worn)
 F - a +0 pair of boots (worn)
Jewellery
 q - an amulet of the acrobat (around neck)
 v - a ring of see invisible (left hand)
 w - a ring of poison resistance (right hand)
Wands
 f - a wand of flame (18)
Scrolls
 b - a scroll of silence {unknown}
 c - 4 scrolls of fear
 g - 2 scrolls of blinking {unknown}
 i - 2 scrolls of noise {unknown}
 j - a scroll of enchant armour {unknown}
 m - 3 scrolls of revelation {unknown}
 n - a scroll of teleportation {unknown}
 o - 4 scrolls of amnesia
 r - a scroll of immolation
 u - a scroll of vulnerability {unknown}
 y - 2 scrolls of poison
 z - 2 scrolls of enchant weapon {unknown}
 A - 4 scrolls of identify
Potions
 a - 2 potions of attraction {unknown}
 d - a potion of berserk rage {unknown}
 e - a potion of ambrosia
 h - 2 potions of curing
 k - a potion of enlightenment {unknown}
 l - 3 potions of haste
 p - a potion of mutation {unknown}
 s - a potion of cancellation {unknown}
 x - 2 potions of might {unknown}
 B - a potion of brilliance {unknown}
 C - 2 potions of resistance {unknown}
 D - a potion of lignification {unknown}


   Skills:
 + Level 3.7 Fighting
 - Level 1.7 Dodging
 - Level 1.7 Stealth
 - Level 4.9 Unarmed Combat
 + Level 6.8 Spellcasting
 + Level 9.7 Conjurations
 + Level 8.5 Fire Magic
 + Level 8.0 Shapeshifting


You had 19 spell levels left.
You knew the following spells:

 Your Spells              Type           Power      Damage    Failure   Level
a - Magic Dart            Conj           100%       1d8       1%          1
b - Searing Ray           Conj           82%        2d7       1%          2
c - Foxfire               Conj/Fire      100%       2x1d9     1%          1

Your spell library contained the following spells:

 Spells                   Type           Power      Damage    Failure   Level
 Kiss of Death            Conj/Necr      92%        2d12      1%          1
 Apportation              Tloc           12%        N/A       11%         1
 Fulminant Prism          Conj/Alch      11%        3d8       14%         4
 Iskenderun's Mystic Bla Conj/Tloc 23%            2d6        (+2d3     14%         4
 Cigotuvi's Dreadful Rot  Necr/Alch/Air  12%        N/A       17%         2
 Jinxbite                 Hex            12%        N/A       17%         2
 Confusing Touch          Hex            6%         N/A       32%         3
 Summon Ice Beast         Ice/Summ       6%         N/A       32%         3
 Dispel Undead            Necr           6%         3d8       73%         4
 Martyr's Knell           Necr/Summ      6%         N/A       73%         4
 Alistair's Intoxication  Alch           4%         N/A       97%         5
 Summon Mana Viper        Hex/Summ       6%         N/A       97%         5
 Monstrous Menagerie      Summ           3%         N/A       100%        7


Dungeon Overview and Level Annotations

Branches:
Dungeon (10/15)            Temple (1/1) D:6            Lair (0/5) D:9
 Bailey (visited)
    Orc: D:9-12

Altars:
Ashenzari
Cheibriados
Dithmenos
Elyvilon
Fedhas
Gozag
Hepliaklqana
Kikubaaqudgha
Makhleb
Nemelex Xobeh
Okawaru
Qazlal
Ru
Sif Muna
Trog
Uskayaw
Vehumet
Wu Jian
Xom
Yredelemnul
Zin
The Shining One

Shops:
D:4 =   D:7 (   D:9 [

Annotations:
D:7 2 transporters, inkslinger's ghost, novice BaGl


Innate Abilities, Weirdness & Mutations

You can breathe blasts of explosive embers.
Your fiery red scales are hard. (AC +7)
You cannot fit into any form of body armour.
Your flesh is heat resistant. (rF+)
You are cold-blooded and may be slowed by cold attacks.


Message History

Confirm with . or Enter, or press ? or * to list all spells.
You conjure some foxfire!
The troll bites you! The troll claws you! The troll claws you.
The orc warrior closely misses you.
You hit the orc warrior.
You kill the orc warrior!
Vehumet accepts your kill.
You feel your power returning.
The foxfire hits the troll but does no damage.
The troll is moderately wounded.
The foxfire hits the troll!
The troll is moderately wounded.
A vampire mosquito comes into view.
The troll bites you but does no damage. The troll misses you.
The troll claws you but does no damage.
Unknown command.
The vampire mosquito closely misses you.
The centaur wields a +0 shortbow.
The centaur shoots an arrow.
The arrow closely misses you.
The vampire mosquito completely misses you.
The troll bites you but does no damage. The troll claws you but does no damage.
The troll completely misses you.
The centaur shoots an arrow.
The arrow closely misses you.
The air fills with toxic fumes!
As you read the scroll labelled ROUN WOWEMESOE, it crumbles to dust.
It was a scroll of poison.
The vampire mosquito bites you.
* * * LOW HITPOINT WARNING * * *
The vampire mosquito draws strength from your injuries!
The centaur shoots an arrow.
The arrow hits you but does no damage. The vampire mosquito misses you.
The troll bites you!
* * * LOW HITPOINT WARNING * * *
The troll claws you but does no damage. The troll claws you.
* * * LOW HITPOINT WARNING * * *
Unknown command.
As you read the scroll labelled XAMUGO JAFFO, it crumbles to dust.
The creatures around you are filled with an inner flame!
It was a scroll of immolation.
The vampire mosquito misses you.
The centaur shoots an arrow.
The arrow hits you.
* * * LOW HITPOINT WARNING * * *
The troll bites you!
You die...

####### #§§§§§# #..
...#.....#§§§y§# #.#
#..#..#..#..#T@# #.#
#..#..#..#..#§§# #.# .#####.
#.....#.....#§§# #.# .#.#.
#.....#.....#c§# #.# #...#
###############§§####.#####...###
..............§§§#.......##...##.
..............§§§#.#.###..#...##.
###############§§#.#.###..#...##.
..#.....# ....#..#.#.##..#....##.


You could see a troll (inner flame), a vampire mosquito (inner flame) and a
centaur (inner flame).

Vanquished Creatures
  2 two-headed ogres
  A deep elf pyromancer (D:10)
  Joseph (D:7)
  A komodo dragon (D:10)
  An unseen horror (D:6)
  Sigmund (D:6)
  4 yaks
  A wyvern (D:9)
  Menkaure (D:4)
  Edmund (D:6)
  Duvessa (D:7)
  3 water moccasins
  2 ice beasts (D:5)
  5 orc warriors
  3 black bears
  3 ogres
  4 centaurs
  A phantom (D:6)
  6 kobold brigands
  Blork the orc (D:4)
  3 bullfrogs
  A gnoll sergeant (D:9)
  A wight (D:9)
  4 scorpions
  Dowan (D:7)
  3 killer bees (D:10)
  4 howler monkeys
  8 hounds
  A bombardier beetle (D:5)
  2 gnoll boudas
  6 orc priests
  5 iguanas
  A sleepcap (D:5)
  11 orc wizards
  10 gnolls
  11 adders
  A shadow imp (D:7)
  A white imp (D:7)
  2 ribbon worms
  3 dart slugs
  22 orcs
  4 bats
  6 endoplasms
  4 giant cockroaches
  10 goblins
  9 hobgoblins
  4 jackals (D:1)
  19 kobolds
  3 quokkas
  2 ball pythons
  8 frilled lizards
  4 rats
217 creatures vanquished.

Vanquished Creatures (others)
  An orc (D:7)
  47 foxfires
48 creatures vanquished.

Grand Total: 265 creatures vanquished

Notes
Turn   | Place    | Note
-------+----------+-------------------------------------------
     0 | D:1      | uglyjohn the Draconian Conjurer began the quest for the
                  | Orb.
     0 | D:1      | Reached XP level 1. HP: 14/14 MP: 3/3
    75 | D:1      | Found a faded altar of an unknown god.
   269 | D:1      | Reached XP level 2. HP: 20/20 MP: 0/5
   304 | D:1      | Reached skill level 1 in Unarmed Combat
   438 | D:1      | Reached skill level 1 in Shapeshifting
   441 | D:1      | Learned a level 2 spell: Searing Ray
   700 | D:1      | Reached XP level 3. HP: 26/26 MP: 2/6
  1323 | D:2      | You fall into a shaft and drop 2 floors!
  1823 | D:2      | Reached XP level 4. HP: 33/33 MP: 1/7
  3324 | D:4      | Found Yniomang's Jewellery Emporium.
  3640 | D:4      | Noticed a scorpion
  3649 | D:4      | Killed a scorpion
  3650 | D:4      | Reached skill level 5 in Conjurations
  3650 | D:4      | Reached XP level 5. HP: 24/38 MP: 0/8
  4023 | D:4      | Noticed Blork the orc
  4034 | D:4      | Killed Blork the orc
  4035 | D:4      | Reached XP level 6. HP: 17/45 MP: 1/9
  4295 | D:4      | Noticed Menkaure
  4308 | D:4      | Killed Menkaure
  4688 | D:4      | Found a burning altar of Makhleb.
  4800 | D:5      | Entered Level 5 of the Dungeon
  4811 | D:5      | Your scales start taking on a fiery red colour.
  4811 | D:5      | Reached XP level 7. HP: 20/50 MP: 1/10
  4811 | D:5      | Gained mutation: Your flesh is heat resistant. (rF+) [Red
                  | Draconian growth]
  4962 | D:5      | Reached skill level 6 in Conjurations
  5632 | D:5      | Noticed a two-headed ogre
  5641 | D:5      | Reached skill level 1 in Fire Magic
  5834 | D:5      | Reached XP level 8. HP: 57/57 MP: 4/11
  6371 | D:5      | Reached skill level 7 in Conjurations
  6371 | D:5      | Reached skill level 5 in Shapeshifting
  7437 | D:6      | HP: 2/57 [something (7)]
  7660 | D:5      | Killed a two-headed ogre
  7661 | D:5      | Reached skill level 5 in Fire Magic
  7661 | D:5      | Reached XP level 9. HP: 21/62 MP: 4/15
  7821 | D:4      | Bought a ring of see invisible for 165 gold pieces
  7856 | D:6      | Reached skill level 8 in Conjurations
  7896 | D:6      | Noticed an unseen horror
  7916 | D:6      | Killed an unseen horror
  8079 | D:6      | Found a staircase to the Ecumenical Temple.
  8101 | Temple   | Entered the Ecumenical Temple
  8126 | Temple   | Became a worshipper of Vehumet
  8341 | D:6      | Noticed Sigmund
  8348 | D:6      | Killed Sigmund
  8349 | D:6      | Reached skill level 5 in Spellcasting
  8403 | D:6      | Noticed Edmund
  8409 | D:6      | Killed Edmund
  8641 | D:7      | Noticed Joseph
  8773 | D:7      | HP: 3/62 [Joseph/+2 heavy quarterstaff (21)]
  8774 | D:7      | Killed Joseph
  8924 | D:7      | Found Pegrosk's Antique Weapon Shoppe.
  8964 | D:7      | Noticed Dowan
  8965 | D:7      | Noticed Duvessa
  8988 | D:7      | Killed Duvessa
  8993 | D:7      | Killed Dowan
  8994 | D:7      | Reached XP level 10. HP: 38/69 MP: 8/18
  9040 | D:7      | Found a flagged portal.
  9054 | Bailey   | Entered a bailey
  9127 | Bailey   | Reached * piety under Vehumet
  9127 | Bailey   | Offered knowledge of Sandblast by Vehumet.
  9737 | D:8      | Reached skill level 9 in Conjurations
  9893 | D:7      | Found a transporter.
  9894 | D:7      | Found a transporter.
  9894 | D:7      | Noticed inkslinger's ghost (novice BaGl)
 10106 | D:8      | Found an iron altar of Okawaru.
 10298 | D:8      | Found an opulent altar of Gozag.
 10913 | D:9      | Offered knowledge of Foxfire by Vehumet.
 10918 | D:9      | Learned a level 1 spell: Foxfire
 11060 | D:9      | Reached ** piety under Vehumet
 11062 | D:9      | Reached skill level 1 in Fighting
 11106 | D:9      | Found a staircase to the Lair.
 11607 | D:9      | Found a white marble altar of Elyvilon.
 11609 | D:9      | Found a basalt altar of Yredelemnul.
 11610 | D:9      | Found an ancient bone altar of Kikubaaqudgha.
 11919 | D:9      | Noticed a two-headed ogre
 11944 | D:9      | Killed a two-headed ogre
 12146 | D:9      | Found Kuivele's Antique Armour Boutique.
 12151 | D:9      | Bought a cloak for 103 gold pieces
 12287 | D:10     | Entered Level 10 of the Dungeon
 12359 | D:10     | Noticed a deep elf pyromancer
 12365 | D:10     | Killed a deep elf pyromancer
 12476 | D:10     | Reached XP level 11. HP: 71/82 MP: 9/21
 12655 | D:10     | Found a shimmering altar of Xom.
 12802 | D:10     | Found a stormy altar of Qazlal.
 12804 | D:10     | Found a blossoming altar of Fedhas.
 13070 | D:10     | HP: 1/83 [centaur/arrow (5)]
 13070 | D:10     | Mangled by a troll

Illustrated notes

Levels and vault maps discovered:
D:1:      minmay_arrival_up_and_down, layout_loops_ring, basic_ecumenical_altar
D:2:      kennysheep_six_static_rooms, layout_basic, serial_aquarium,
          aquarium_bridge_straight [aquarium_subvault_bridge,
          aquarium_subvault_wall, aquarium_subvault_bridge,
          aquarium_subvault_window], aquarium_bridge_square
          [aquarium_subvault_bridge, aquarium_subvault_balcony,
          aquarium_subvault_wall, aquarium_subvault_window], aquarium_window_1,
          aquarium_window_3, aquarium_window_fake, aquarium_window_corner,
          aquarium_view_2d, aquarium_balcony_3a, aquarium_pool_side
D:3:      layout_basic, grunt_ministairs_11
D:4:      layout_gridville, mainiacjoe_overflow_six_doors_small, serial_shops,
          nicolae_shop_waterfront, chequers_serial_rivers_small_b,
          uniq_blork_the_orc, uniq_menkaure
D:5:      minmay_razor_zed, layout_basic
D:6:      layout_rooms, minmay_temple_entry_overgrown, sigmund_edmund_badplayer
D:7:      layout_rooms, enter_bailey_3, gammafunk_ghost_arena, serial_shops,
          nicolae_shop_behind_doors, uniq_joseph, uniq_duvessa
D:8:      layout_rooms, grunt_gozag_statues, lemuel_crystal_altar
D:9:      layout_stronghold, grunt_temple_overflow_open, dpeg_oklobed_lair,
          serial_shops, kennysheep_little_box, amcnicky_mini_pool_medium
D:10:     kennysheep_windowed_halls, layout_basic,
          grunt_temple_overflow_forces_of_nature, mainiacjoe_overflow_24_doors,
          serial_library, serial_library_hellmonk_open_square,
          serial_library_regret_index_small_wings,
          serial_library_hellmonk_reading_circle,
          serial_library_hellmonk_double_dead_end,
          serial_library_hellmonk_narrow_alcove, serial_library_hellmonk_h_bend,
          serial_library_hellmonk_junction, serial_library_hellmonk_open_cross,
          serial_library_hellmonk_statue_hall,
          serial_library_hellmonk_open_cross
Temple:   oiseaux_autumnal_temple

Skill      XL: |  1  2  3  4  5  6  7  8  9 10 11 |
---------------+----------------------------------+-----
Unarmed Combat | 1 2 3 4 |  4.9
Shapeshifting  | 1 2 3 4 6 7 8 |  8.0
Conjurations   | 5 6 7 8 9 |  9.7
Fire Magic     | 1 5 6 8 |  8.5
Spellcasting   | 4 5 6 |  6.8
Fighting       | 3 |  3.7
Dodging        | |  1.7
Stealth        | |  1.7

Action                     |  1- 3 |  4- 6 |  7- 9 | 10-12 || total
---------------------------+-------+-------+-------+-------++-------
  Melee: Unarmed           |    52 |       |    21 |    67 ||   140
         Tailslap          |     4 |     5 |     7 |     8 ||    24
         Whip              |     5 |       |       |       ||     5
         Dagger            |       |    20 |    51 |       ||    71
         Punch             |       |       |       |     2 ||     2
   Cast: Magic Dart        |    61 |   113 |    93 |   123 ||   390
         Searing Ray       |       |     6 |    43 |    36 ||    85
         Foxfire           |       |       |       |    26 ||    26
Ability: Combustion Breath |       |       |     8 |     1 ||     9
  Evoke: Wand              |       |       |       |     6 ||     6
    Use: Scroll            |       |     1 |     4 |     4 ||     9
         Potion            |       |       |     2 |     3 ||     5
 Armour: Skin              |    30 |    27 |   155 |   117 ||   329
  Dodge: Dodged            |    44 |    24 |   132 |   212 ||   412

Table legend: (Time is in decaauts)
 A = Elapsed time spent in this place.
 B = Non-inter-level travel time spent in this place.
 C = Inter-level travel time spent in this place.
 D = Time resting spent in this place.
 E = Time spent auto-exploring this place.
 F = Levels seen in this place.
 G = Mean time per level.
                   A        B        C        D        E       F      G
               +--------+--------+--------+--------+--------+-----+--------+
         Total |  13060 |  12651 |    409 |   4050 |   6772 |  12 | 1088.3 |
       Dungeon |  12661 |  12299 |    362 |   3860 |   6750 |  10 | 1266.1 |
        Temple |     50 |      3 |     47 |      0 |      0 |   1 |   50.0 |
        Bailey |    348 |    348 |      0 |    190 |     22 |   1 |  348.0 |
               +--------+--------+--------+--------+--------+-----+--------+

Top non-repeatable levels by time:
     D:5: 2509 daAuts
     D:4: 1600 daAuts
     D:9: 1503 daAuts
     D:1: 1268 daAuts
     D:6: 1225 daAuts
     D:2: 1179 daAuts
     D:3: 923 daAuts
     D:8: 916 daAuts
    D:10: 782 daAuts
     D:7: 751 daAuts
  Bailey: 348 daAuts
  Temple: 50 daAuts
